 Dungeon Crawl Stone Soup version 0.30-a0-1160-g6e42c06551 (webtiles) character file.

Game seed: 7714055834981722776

270 sircluck the Chopper (level 6, -1/55 HPs)
             Began as a Hill Orc Fighter on Apr 25, 2023.
             Slain by an ogre
             ... wielding a +0 giant spiked club
              (34 damage)
             ... on level 3 of the Dungeon.
             The game lasted 00:04:11 (2875 turns).

sircluck the Chopper (Hill Orc Fighter)             Turns: 2875, Time: 00:04:11

Health: -1/55      AC:  8    Str: 21    XL:     6   Next: 22%
Magic:  6/6        EV:  9    Int:  8    God:
Gold:   151        SH:  4    Dex: 10    Spells: 5/5 levels left

rFire   . . .        a - +0 war axe
rCold   . . .        c - +0 buckler
rNeg    . . .        b - +0 scale mail
rPois   .            (no helmet)
rElec   .            (no cloak)
rCorr   .            p - +0 pair of gloves
SInv    .            (no boots)
Will    .....        (no amulet) Stlth
                     (no ring)
HPRegen 0.29/turn    (no ring)
MPRegen 0.10/turn

%: no passive effects
@: no status effects
A: no striking features
a: no special abilities


You were on level 3 of the Dungeon.
You visited 1 branch of the dungeon, and saw 3 of its levels.

You collected 151 gold pieces.

Inventory:

Hand Weapons
 a - a +0 war axe (weapon)
 l - a +0 war axe
Missiles
 k - 10 stones (quivered)
 t - 5 poisoned darts
 x - 3 boomerangs
Armour
 b - a +0 scale mail (worn)
 c - a +0 buckler (worn)
 p - a +0 pair of gloves (worn)
Scrolls
 f - 2 scrolls of teleportation {unknown}
 h - a scroll of fear {unknown}
 i - a scroll of summoning {unknown}
 j - a scroll of torment {unknown}
 m - 2 scrolls of identify {unknown}
 n - a scroll of fog {unknown}
 o - 3 scrolls of amnesia {unknown}
Potions
 d - a potion of might
 e - 3 potions of curing {unknown}
 g - 2 potions of berserk rage {unknown}
 q - a potion of mutation {unknown}
 r - 3 potions of lignification {unknown}
 s - 2 potions of heal wounds {unknown}
 u - a potion of invisibility {unknown}
 v - a potion of haste {unknown}
 w - a potion of flight {unknown}


   Skills:
 + Level 4.9 Fighting
 + Level 6.0 Axes
 + Level 4.0 Armour
 + Level 0.3 Dodging
 + Level 0.1 Stealth
 + Level 4.3 Shields


You had 5 spell levels left.
You didn't know any spells.
Your spell library was empty.

Dungeon Overview and Level Annotations

Branches:
Dungeon (3/15)

Altars:

Annotations:
D:3 sircluck's ghost, weakling HOFi


Message History

The orc wizard closely misses you.
You slash the orc wizard!
You kill the orc wizard!
Things that are here:
a +0 dagger; a +0 robe
x - 3 boomerangs
Things that are here:
a +0 flail; a +0 scale mail; an orc corpse
There is a stone staircase leading down here.
You see here a +0 leather armour.
You see here a +0 leather armour.
The ogre shouts!
There is a transporter landing site here.
Partly explored, unvisited transporter.
Partly explored, unvisited transporter.
The ogre shouts!
Sircluck's ghost whispers, "Death doesn't hurt.
What you feel is life."
There is a transporter landing site here.
Found a transporter.
There is a transporter here.
You enter the transporter and appear at another place.
You see here a red potion.
g - 2 red potions (gained 1)
The ogre hits you with a +0 giant spiked club!!
There is a transporter here.
You enter the transporter and appear at another place.
The ogre barely misses you.
You slash the ogre!
The ogre is moderately wounded.
The ogre barely misses you.
You slash the ogre!
The ogre is severely wounded.
You hit the ogre.
The ogre is almost dead.
You block the ogre's attack.
You hit the ogre but do no damage.
The ogre is almost dead.
The ogre hits you with a +0 giant spiked club!!
Ouch! That really hurt!
You die...

##.# #.# ############# #.#
#.# ##.# #.# #©....©.)...#
#.#####.## ##.# #.#
#.#..#.#..#.###......... ##.#
#.# #..##...##..#.........##
##.# #.#
#..##...##..####........ ##.#
#.# #.#.W#.#..#.# ###.#####
#.# #.###...))OO....## #.# #
#.# #.####################.#
# #.#
#.##.....©.@...........# #
##.###.##......O......#####.#
# .......######.#..######
#..##### ######## #.##.#
###...)... # #.##.#
#.....#### # #.##.#
##.###.#### # #.##.# #..#
#..... # #.##.# #..###.#### #
#####.##.# #......# #


You could see 3 ogres and sircluck's ghost.

Vanquished Creatures
  An iguana (D:3)
  Natasha (thrice) (D:2)
  An orc wizard (D:3)
  2 adders (D:2)
  3 gnolls (D:3)
  A worm (D:2)
  4 dart slugs
  4 orcs (D:3)
  6 bats
  8 endoplasms
  8 giant cockroaches
  11 goblins
  A hobgoblin (D:3)
  3 jackals (D:2)
  8 kobolds
  2 quokkas
  3 ball pythons
  5 frilled lizards
  9 rats
83 creatures vanquished.

Notes
Turn   | Place    | Note
-------+----------+-------------------------------------------
     0 | D:1      | sircluck the Hill Orc Fighter began the quest for the Orb.
     0 | D:1      | Reached XP level 1. HP: 19/19 MP: 1/1
   140 | D:1      | Reached XP level 2. HP: 27/27 MP: 2/2
   186 | D:1      | Reached skill level 3 in Axes
   346 | D:1      | Reached XP level 3. HP: 33/33 MP: 3/3
  1050 | D:2      | Reached skill level 4 in Axes
  1135 | D:2      | Reached XP level 4. HP: 39/40 MP: 4/4
  1242 | D:2      | Noticed Natasha
  1253 | D:2      | Killed Natasha
  1260 | D:2      | Reached skill level 5 in Axes
  1270 | D:2      | Noticed Natasha
  1280 | D:2      | Killed Natasha
  1281 | D:2      | Reached XP level 5. HP: 32/47 MP: 5/5
  1420 | D:2      | Noticed Natasha
  1428 | D:2      | Killed Natasha
  2072 | D:3      | Noticed an ogre
  2075 | D:3      | Noticed sircluck's ghost (weakling HOFi)
  2075 | D:3      | Noticed an ogre
  2076 | D:3      | Found a transporter.
  2076 | D:3      | Noticed an ogre
  2163 | D:3      | Reached XP level 6. HP: 48/53 MP: 6/6
  2372 | D:3      | Reached skill level 6 in Axes
  2863 | D:3      | Found a transporter.
  2875 | D:3      | Slain by an ogre

Illustrated notes

Levels and vault maps discovered:
D:1:      dpeg_arrival_rooms_c, layout_loops_ring
D:2:      layout_loops_ring, uniq_natasha
D:3:      layout_loops_ring, gammafunk_ghost_smash

Skill      XL: |  1  2  3  4  5  6 |
---------------+-------------------+-----
Fighting       | 4 |  4.9
Axes           | 3 4 5 6 |  6.0
Shields        | 4 |  4.3
Armour         | 4 |  4.0
Dodging        | |  0.3
Stealth        | |  0.1

Action                     |  1- 3 |  4- 6 || total
---------------------------+-------+-------++-------
  Melee: War axe           |   105 |   172 ||   277
 Armour: Scale mail        |    51 |    85 ||   136
  Dodge: Dodged            |    46 |    70 ||   116
  Block: Buckler           |    21 |    26 ||    47

Table legend: (Time is in decaauts)
 A = Elapsed time spent in this place.
 B = Non-inter-level travel time spent in this place.
 C = Inter-level travel time spent in this place.
 D = Time resting spent in this place.
 E = Time spent auto-exploring this place.
 F = Levels seen in this place.
 G = Mean time per level.
                   A        B        C        D        E       F      G
               +--------+--------+--------+--------+--------+-----+--------+
         Total |   2968 |   2805 |    163 |      0 |   2124 |   3 |  989.3 |
       Dungeon |   2968 |   2805 |    163 |      0 |   2124 |   3 |  989.3 |
               +--------+--------+--------+--------+--------+-----+--------+

Top non-repeatable levels by time:
     D:3: 1099 daAuts
     D:2: 1019 daAuts
     D:1: 849 daAuts
